 Dungeon Crawl Stone Soup version 0.30.0-5-g1a98f26d00 (webtiles) character file.

Game seed: 1452609877926114861

1016 qeuew the Covered (level 8, -2/103 HPs)
             Began as a Minotaur Berserker on May 8, 2023.
             Was a Believer of Trog.
             Succumbed to a gnoll sergeant's poison
             ... on level 5 of the Dungeon.
             The game lasted 00:03:49 (3240 turns).

qeuew the Covered (Minotaur Berserker)              Turns: 3240, Time: 00:03:49

Health: -2/103     AC:  6    Str: 22    XL:     8   Next: 1%
Magic:  7/7        EV: 12    Int:  4    God:    Trog [**....]
Gold:   244        SH:  6    Dex: 12    Spells: 7/7 levels left

rFire   + . .        a - +0 hand axe
rCold   + + +        h - +2 buckler
rNeg    . . .        l - +3 leather armour {rC+}
rPois   .            (helmet restricted)
rElec   .            c - scarf {rC+ rF+}
rCorr   .            (no gloves)
SInv    .            (no boots)
Will    .....        (no amulet) Stlth
                     k - ring of protection from cold
HPRegen 0.37/turn    (no ring)
MPRegen 0.10/turn

%: no passive effects
@: berserking, lethally poisoned (-2 -> -22), very quick
A: horns 2, retaliatory headbutt
a: Renounce Religion, Berserk, Trog's Hand


You were on level 5 of the Dungeon.
You worshipped Trog.
Trog was pleased with you.
You visited 1 branch of the dungeon, and saw 5 of its levels.

You collected 244 gold pieces.

Inventory:

Hand Weapons
 a - a +0 hand axe (weapon)
Armour
 c - a scarf of resistance (worn)
 h - a +2 buckler (worn)
 l - a +3 leather armour of cold resistance (worn)
Jewellery
 k - a ring of protection from cold (left hand)
Wands
 g - a wand of charming (5)
 j - a wand of mindburst (13)
Scrolls
 d - 2 scrolls of teleportation
 e - 2 scrolls of identify
 n - a scroll of butterflies
Potions
 b - 2 potions of curing
 f - a potion of heal wounds
 i - a potion of cancellation
 m - a potion of ambrosia


   Skills:
 + Level 5.5 Fighting
 + Level 5.6 Axes
 * Level 6.5 Armour
 + Level 4.4 Dodging
 + Level 3.7 Shields
 + Level 2.6 Evocations


You had 7 spell levels left.
You didn't know any spells.
Your spell library was empty.

Dungeon Overview and Level Annotations

Branches:
Dungeon (5/15)
 Temple: D:4-7

Altars:
Hepliaklqana
Kikubaaqudgha
Sif Muna
Vehumet


Innate Abilities, Weirdness & Mutations

You have a pair of horns on your head.
You reflexively headbutt those who attack you in melee.


Message History

Trog accepts your kill.
You slash the gnoll sergeant!
* * * LOW HITPOINT WARNING * * *
You feel extremely sick. You block the gnoll sergeant's attack.
The gnoll hits you with a +0 spear.
* * * LOW HITPOINT WARNING * * *
The scorpion barely misses you.
You hit the gnoll sergeant but do no damage.
You headbutt the gnoll sergeant!
You kill the gnoll sergeant!
Trog accepts your kill.
You slash the gnoll!
You kill the gnoll!
Trog accepts your kill.
You hit the gnoll. You hit the scorpion. You hit the gnoll.
* * * LOW HITPOINT WARNING * * *
You feel very sick. The scorpion barely misses you. You furiously retaliate!
You headbutt the scorpion!!
You kill the scorpion!
Trog accepts your kill. The gnoll hits you with a +0 whip.
* * * LOW HITPOINT WARNING * * *
You block the gnoll's attack.
You have reached level 8!
You feel agile.
Unknown command.
Unknown command.
You slash the gnoll!
You kill the gnoll!
Trog accepts your kill.
You hit the gnoll but do no damage.
* * * LOW HITPOINT WARNING * * *
You feel very sick.
Unknown command.
You are too berserk!
You slash the gnoll!
You kill the gnoll!
Trog accepts your kill.
You die...

## ### ####### ..###
##....... ....#
##.......$ ....###
##......... .......
.......!..
####.##########.........
##.##........)†)......
###.......# #..@)......
.....#....# #.#))....##
####.#....####.##....##
..##.#.........# #####
#.##...........#
#.....#.######.#
..###.#.# .... ..###....
...... ..#...#..
........


There were no monsters in sight!

Vanquished Creatures
  Grinder (D:5)
  Eustachio (D:4)
  2 ogres (D:5)
  A gnoll sergeant (D:5)
  2 scorpions
  A hound (D:5)
  An orc priest (D:4)
  A sleepcap (D:5)
  2 iguanas (D:5)
  An orc wizard (D:4)
  3 adders (D:3)
  5 gnolls (D:5)
  4 worms
  2 dart slugs
  7 orcs
  6 bats
  4 endoplasms
  7 giant cockroaches
  2 goblins
  10 hobgoblins
  6 jackals
  3 quokkas
  6 ball pythons
  2 frilled lizards
  3 kobolds
  2 rats
85 creatures vanquished.

Notes
Turn   | Place    | Note
-------+----------+-------------------------------------------
     0 | D:1      | qeuew the Minotaur Berserker began the quest for the Orb.
     0 | D:1      | Reached XP level 1. HP: 19/19 MP: 0/0
   145 | D:1      | Reached XP level 2. HP: 27/27 MP: 1/1
   382 | D:1      | Reached skill level 3 in Armour
   622 | D:2      | Reached XP level 3. HP: 21/33 MP: 2/2
   936 | D:2      | Found a hazy altar of Hepliaklqana.
  1321 | D:3      | Reached skill level 1 in Shields
  1326 | D:3      | Reached ** piety under Trog
  1334 | D:3      | Reached XP level 4. HP: 27/40 MP: 3/3
  1596 | D:3      | Found a radiant altar of Vehumet.
  2020 | D:4      | Noticed a scorpion
  2026 | D:4      | Killed a scorpion
  2027 | D:4      | Reached skill level 4 in Armour
  2027 | D:4      | Reached XP level 5. HP: 36/47 MP: 4/4
  2102 | D:4      | Noticed Eustachio
  2123 | D:4      | Killed Eustachio
  2124 | D:4      | Reached skill level 1 in Evocations
  2124 | D:4      | Reached XP level 6. HP: 22/53 MP: 5/5
  2802 | D:4      | Found an ancient bone altar of Kikubaaqudgha.
  2939 | D:5      | Entered Level 5 of the Dungeon
  2939 | D:5      | Noticed Grinder
  2950 | D:5      | Reached skill level 5 in Armour
  2953 | D:5      | Killed Grinder
  2954 | D:5      | Reached skill level 5 in Fighting
  2954 | D:5      | Reached skill level 5 in Axes
  2954 | D:5      | Reached XP level 7. HP: 57/61 MP: 6/6
  3161 | D:5      | Found a shimmering blue altar of Sif Muna.
  3171 | D:5      | Reached skill level 6 in Armour
  3239 | D:5      | Reached XP level 8. HP: 6/69 MP: 7/7
  3239 | D:5      | HP: 1/103 [poisoned by a gnoll sergeant]
  3240 | D:5      | Succumbed to a gnoll sergeant's poison

Illustrated notes

Levels and vault maps discovered:
D:1:      dpeg_arrival_windows_large_door, layout_rooms
D:2:      layout_loops_ring, basic_altar, solitary_fountain, minmay_tetromino_i4
D:3:      layout_rooms, lemuel_doored_altar
D:4:      layout_gridville, old_standard_altar, uniq_eustachio
D:5:      layout_rooms, mainiacjoe_overflow_surrounded_room,
          nicolae_tso_swordbearing_angel, kennysheep_cross_bottleneck,
          uniq_grinder

Skill      XL: |  1  2  3  4  5  6  7 |
---------------+----------------------+-----
Armour         | 3 4 5 6 |  6.5
Fighting       | 4 5 |  5.5
Axes           | 4 5 |  5.6
Shields        | 1 2 3 |  3.7
Dodging        | 3 4 |  4.4
Evocations     | 1 2 |  2.6

Action                     |  1- 3 |  4- 6 |  7- 9 || total
---------------------------+-------+-------+-------++-------
  Melee: Hand axe          |    81 |    86 |    30 ||   197
         Headbutt          |    10 |    12 |    10 ||    32
 Invoke: Berserk           |     1 |     2 |     1 ||     4
         Trog's Hand       |       |     1 |       ||     1
    Use: Scroll            |     8 |     1 |       ||     9
         Potion            |     2 |       |       ||     2
   Stab: Sleeping          |     1 |       |       ||     1
 Armour: Animal skin       |     9 |       |       ||     9
         Leather armour    |     9 |    22 |     6 ||    37
  Dodge: Dodged            |    59 |    53 |    25 ||   137
  Block: Buckler           |    14 |    29 |    19 ||    62
